 Dungeon Crawl Stone Soup version 0.25.0-8-gfd19cd77bd (webtiles) character file.

Game seed: 12895933785529691335

70 Delamore the Cudgeler (level 4, -2/28 HPs)
             Began as a Gargoyle Fighter on June 16, 2020.
             Slain by Sigmund
             ... wielding a +0 scythe of protection
              (5 damage)
             ... on level 2 of the Dungeon.
             The game lasted 00:01:38 (1696 turns).

Delamore the Cudgeler (Gargoyle Fighter)            Turns: 1696, Time: 00:01:39

Health: -2/28      AC:  6    Str: 21    XL:     4   Next: 21%
Magic:  4/4        EV:  7    Int:  8    God:
Gold:   54         SH:  9    Dex:  9    Spells: 3/3 levels left

rFire    . . .     SeeInvis .   a - +0 flail
rCold    . . .     Gourm    .   c - +0 kite shield
rNeg     + . .     Faith    .   b - +0 scale mail
rPois    ∞         Spirit   .   (no helmet)
rElec    +         Reflect  .   (no cloak)
rCorr    .         Harm     .   (no gloves)
MR       .....                  (no boots)
Stlth    ..........             (no amulet)
HPRegen  0.09/turn              j - -4 ring of protection (curse)
MPRegen  0.09/turn              (no ring)

@: no status effects
A: negative energy resistance 1, electricity resistance, unbreathing,
petrification resistance, rot immunity, AC +3
a: no special abilities


You were on level 2 of the Dungeon.
You were hungry.

You visited 1 branch of the dungeon, and saw 2 of its levels.

You collected 54 gold pieces.

Inventory:

Hand Weapons
 a - a +0 flail (weapon)
Missiles
 l - 8 javelins (quivered)
Armour
 b - a +0 scale mail (worn)
 c - a +0 kite shield (worn)
Jewellery
 h - an uncursed ring of flight {unknown}
 j - a cursed -4 ring of protection (left hand)
Scrolls
 g - a scroll of amnesia {unknown}
 k - 2 scrolls of identify {unknown}
Potions
 d - a potion of might
 e - a potion of ambrosia {unknown}
 i - 2 potions of curing {unknown}
Comestibles
 f - 3 rations


   Skills:
 - Level 3.2 Fighting
 + Level 4.3 Maces & Flails
 - Level 3.2 Armour
 - Level 3.2 Shields


You had 3 spell levels left.
You didn't know any spells.
Your spell library contained the following spells:

 Spells                   Type           Power        Failure   Level  Hunger
 Animate Skeleton         Necr           N/A          99%         1    ##.....
 Apportation              Tloc           #.....       99%         1    ##.....
 Corona                   Hex            #......      99%         1    ##.....
 Summon Small Mammal      Summ           #...         99%         1    ##.....


Dungeon Overview and Level Annotations

Branches:
Dungeon (2/15)

Altars:
Dithmenos

Annotations:
D:2 Sigmund


Innate Abilities, Weirdness & Mutations

You are resistant to torment.
Your stone body is resilient. (AC +3)
You are immune to poison.
You resist negative energy. (rN+)
You are resistant to electric shocks. (rElec)
You can survive without breathing.
You are immune to petrification.
You are immune to rotting.


Message History

You barely miss Sigmund.
Sigmund is severely wounded.
You block Sigmund's attack.
You hit Sigmund.
Sigmund is severely wounded.
Your shield and scale mail prevent you from hitting Sigmund.
Sigmund is severely wounded.
Sigmund casts a spell at you. The magic dart hits you.
* * * LOW HITPOINT WARNING * * *
The leopard gecko bites you but does no damage.
Sigmund casts a spell.
Sigmund flickers and vanishes!
Deactivating autopickup; reactivate with Ctrl-A.
The leopard gecko bites you.
* * * LOW HITPOINT WARNING * * *
You closely miss something.
The leopard gecko bites you but does no damage.
Something hits you.
You die...

...##.....#####
............#...
.........<......
................
...(............
................
................
........@.......
.......l{...#...
...%.#...$.##
####.##.####
.#######.##.#######.
...............(....
.
..##.....##.#######.
.# #.##......#.# .
#.##........#


You could see a leopard gecko.

Vanquished Creatures
  An adder (D:2)
  2 oozes
  3 dart slugs (D:1)
  A leopard gecko (D:1)
  A giant cockroach (D:1)
  6 goblins (D:1)
  7 hobgoblins
  4 kobolds
  A ball python (D:1)
  7 bats
  6 frilled lizards
  7 rats
46 creatures vanquished.

Notes
Turn   | Place    | Note
-------+----------+-------------------------------------------
     0 | D:1      | Delamore the Gargoyle Fighter began the quest for the Orb.
     0 | D:1      | Reached XP level 1. HP: 14/14 MP: 1/1
   222 | D:1      | Reached XP level 2. HP: 19/19 MP: 2/2
   428 | D:1      | Reached skill level 3 in Maces & Flails
   873 | D:1      | Reached XP level 3. HP: 23/23 MP: 3/3
  1434 | D:2      | Reached skill level 4 in Maces & Flails
  1453 | D:2      | Reached XP level 4. HP: 21/28 MP: 4/4
  1545 | D:2      | Found a shadowy altar of Dithmenos.
  1561 | D:2      | Found a faded altar of an unknown god.
  1588 | D:2      | Noticed Sigmund
  1696 | D:2      | Slain by Sigmund

Illustrated notes

Levels and vault maps discovered:
D:1:      denvon_arrival_waterhouse, layout_basic, minmay_heptomino_o4
D:2:      layout_rooms, grunt_temple_overflow_gold_and_silver,
          grunt_dithmenos_smoke_and_mirrors,
          chequers_ecumenical_altar_simple_redux, uniq_robin, uniq_sigmund

Skill      XL: |  1  2  3 |
---------------+----------+-----
Maces & Flails | 3 4 |  4.3
Fighting       | |  3.2
Armour         | |  3.2
Shields        | |  3.2

Action                   |  1- 3 |  4- 6 || total
-------------------------+-------+-------++-------
Melee: Flail             |   126 |    32 ||   158
  Use: Scroll            |     1 |       ||     1
  Eat: Chunk             |     2 |       ||     2
Armor: Scale mail        |    87 |    18 ||   105
Dodge: Dodged            |    39 |     8 ||    47
Block: Kite shield       |    73 |    17 ||    90
